 Dungeon Crawl Stone Soup version 0.21.0-25-ge575cb9 (webtiles) character file.

3671 tidbits the Martial Artist (level 10, -1/75 HPs)
             Began as a Gnoll Transmuter on Jan 25, 2018.
             Was a Follower of Cheibriados.
             Slain by a centaur (8 damage)
             ... on level 12 of the Dungeon.
             The game lasted 00:26:56 (2556 turns).

tidbits the Martial Artist (Gnoll Transmuter)       Turns: 2556, Time: 00:26:57

Health: -1/75      AC:  2    Str: 20    XL:     10   Next: 13%
Magic:  20/20      EV: 27    Int: 23    God:    Cheibriados [*.....]
Gold:   316        SH:  0    Dex: 23    Spells: 14/23 levels left

rFire    . . .     SeeInvis .     - Unarmed
rCold    . . .     Gourm    .   (shield currently unavailable)
rNeg     . . .     Faith    .   (armour currently unavailable)
rPois    x         Spirit   .   (helmet currently unavailable)
rElec    .         Reflect  .   (cloak currently unavailable)
rCorr    +         Harm     .   (gloves currently unavailable)
MR       .....                  (boots currently unavailable)
Stlth    ++++......             (no amulet)
HPRegen  0.22/turn              f - ring of stealth
MPRegen  0.17/turn              K - ring of resist corrosion

@: mighty, spider-form, very slow
A: tiny, distributed training, blurry vision 1, strong nose
a: End Transformation, Bend Time, Renounce Religion


You were on level 12 of the Dungeon.
You worshipped Cheibriados.
Cheibriados was aware of your devotion.
You were not hungry.
You were a venomous arachnid creature.
You visited 1 branch of the dungeon, and saw 12 of its levels.
You also visited: Sewer.

You collected 316 gold pieces.

Inventory:

Hand Weapons
 a - a +0 scythe
 d - a +1 dagger (melded)
 x - a cursed -2 hunting sling
 G - a +0 blowgun
 H - a +0 dagger of venom
   (You took it off a kobold on level 9 of the Dungeon)
Missiles
 k - 5 tomahawks (quivered)
 l - 5 javelins
 D - 15 arrows
 J - 27 poisoned needles
Armour
 b - a +0 robe
 B - a +2 robe of magic resistance (melded)
   (You took it off Sigmund on level 5 of the Dungeon)
 E - a cursed +0 scale mail
Jewellery
 f - a ring of stealth (left front leg)
   (You found it on level 3 of the Dungeon)
 K - a ring of resist corrosion (right front leg)
   (You found it on level 10 of the Dungeon)
Wands
 e - a wand of clouds (1)
 v - a wand of disintegration (12)
 M - a wand of scattershot (3)
Scrolls
 h - a scroll of silence {unknown}
 m - 2 scrolls of enchant armour {unknown}
 p - a scroll of fog {unknown}
 r - 3 scrolls of remove curse
 w - 2 scrolls of fear
 I - a scroll of amnesia
 L - a scroll of holy word {unknown}
Potions
 g - a potion of curing {unknown}
 j - a potion of resistance {unknown}
 n - 2 potions of flight
 o - a potion of invisibility {unknown}
 q - a potion of lignification {unknown}
 s - a potion of degeneration {unknown}
 t - 2 potions of brilliance
 u - 3 potions of magic
 z - a potion of might
Books
 i - a book of Changes

   Spells                             Type                      Level
   a - Beastly Appendage              Transmutation                1
   b - Sticks to Snakes               Transmutation                2
   c - Spider Form                    Transmutation/Poison         3
   d - Ice Form                       Ice/Transmutation            4
   e - Blade Hands                    Transmutation                5
 A - a book of Conjurations
   (You found it on level 5 of the Dungeon)

   Spells                             Type                      Level
   a - Magic Dart                     Conjuration                  1
   b - Searing Ray                    Conjuration                  2
   c - Dazzling Spray                 Conjuration/Hexes            3
   d - Fulminant Prism                Conjuration/Hexes            4
   e - Force Lance                    Conjuration/Translocation    4
   f - Iskenderun's Mystic Blast      Conjuration                  4
Comestibles
 c - 6 rations


   Skills:
 + Level 5.6 Fighting
 + Level 4.9 Short Blades
 + Level 4.9 Long Blades
 + Level 4.9 Axes
 + Level 4.9 Maces & Flails
 + Level 4.9 Polearms
 + Level 4.9 Staves
 + Level 4.9 Slings
 + Level 4.9 Bows
 + Level 4.9 Crossbows
 + Level 4.9 Throwing
 + Level 4.9 Armour
 + Level 6.8 Dodging
 + Level 4.9 Stealth
 + Level 4.9 Shields
 + Level 8.2 Unarmed Combat
 + Level 7.1 Spellcasting
 + Level 4.0 Conjurations
 + Level 4.0 Hexes
 + Level 4.0 Charms
 + Level 4.0 Summonings
 + Level 4.0 Necromancy
 + Level 4.0 Translocations
 + Level 5.6 Transmutations
 + Level 4.0 Fire Magic
 + Level 4.0 Ice Magic
 + Level 4.0 Air Magic
 + Level 4.0 Earth Magic
 + Level 4.0 Poison Magic
 + Level 5.3 Invocations
 + Level 4.9 Evocations


You had 14 spell levels left.
You knew the following spells:

 Your Spells              Type           Power        Failure   Level  Hunger
d - Dazzling Spray        Conj/Hex       ####..       13%         3    None
e - Beastly Appendage     Tmut           ####..       4%          1    None
k - Sticks to Snakes      Tmut           ####....     5%          2    None
p - Spider Form           Tmut/Pois      ####......   11%         3    None


Dungeon Overview and Level Annotations

Branches:
Dungeon (12/15)               Orc (0/2) D:10
 Temple: D:4-7         Lair: D:8-11

Altars:
Ashenzari
Cheibriados
Ru

Shops:
D:5 :

Annotations:
D:7 Pikel
D:10 exclusions: hornet and skeleton


Innate Abilities, Weirdness & Mutations

Your experience applies equally to all skills.
((You have very sharp teeth.))
Your uncanny sense of smell can sniff out nearby items.
Scrolls take you a little longer to read.
((Your flesh is very cold resistant. (rC++)))


Message History

You closely miss the centaur.
The centaur is lightly wounded.
The centaur hits you.
You bite the centaur!
The centaur is poisoned.
The centaur is heavily wounded.
The centaur barely misses you.
You bite the centaur!
You kill the centaur!
Cheibriados appreciates the change of pace.
The centaur shoots an arrow.
The arrow hits you!
The centaur shoots an arrow.
The arrow hits you!
* * * LOW HITPOINT WARNING * * *
The centaur shoots an arrow.
The arrow closely misses you.
You feel much better.
The centaur unwields an uncursed shortbow.
The centaur completely misses you.
You bite the centaur!
The centaur is severely wounded.
The centaur misses you.
You hit the centaur.
The centaur is almost dead.
The centaur completely misses you.
You hit the centaur but do no damage.
The centaur is almost dead.
The centaur closely misses you. The centaur barely misses you.
You completely miss the centaur.
The centaur is almost dead.
The centaur completely misses you.
You bite the centaur!
You kill the centaur!
Cheibriados thoroughly appreciates the change of pace.
Your Conjurations skill increases to level 4!
Your Hexes skill increases to level 4!
Your Charms skill increases to level 4!
Your Summonings skill increases to level 4!
Your Necromancy skill increases to level 4!
Your Translocations skill increases to level 4!
Your Fire Magic skill increases to level 4!
Your Ice Magic skill increases to level 4!
Your Air Magic skill increases to level 4!
Your Earth Magic skill increases to level 4!
Your Poison Magic skill increases to level 4!
The centaur shoots an arrow.
The arrow completely misses you.
The centaur shoots an arrow.
The arrow misses you.
The centaur shoots an arrow.
The arrow barely misses you.
The centaur shoots an arrow.
The arrow closely misses you.
The centaur shoots an arrow.
The arrow hits you.
The centaur unwields an uncursed shortbow.
The centaur hits you!
* * * LOW HITPOINT WARNING * * *
The centaur unwields an uncursed shortbow.
The centaur barely misses you.
The centaur unwields an uncursed shortbow.
The centaur closely misses you. The centaur hits you!
* * * LOW HITPOINT WARNING * * *
Items here: ( )) ? † an uncursed shortbow; a scroll of remove curse; an uncursed shortbow; 20 arrows a centaur corpse Unknown command.
You hit the centaur.
The centaur is poisoned.
The centaur is lightly wounded.
The centaur misses you. x3; The centaur hits you.
* * * LOW HITPOINT WARNING * * *
The centaur completely misses you.
You bite the centaur!
The centaur looks as sick as possible!
The centaur is severely wounded.
The centaur hits you.
* * * LOW HITPOINT WARNING * * *
The centaur completely misses you. x2
You feel much better. The centaur hits you!
* * * LOW HITPOINT WARNING * * *
The centaur barely misses you. The centaur completely misses you. x2
You bite the centaur!
The centaur is poisoned.
The centaur is almost dead.
You kill the centaur!
Cheibriados appreciates the change of pace.
The centaur completely misses you. x3
The centaur unwields an uncursed shortbow.
The centaur hits you!
* * * LOW HITPOINT WARNING * * *
You hit the centaur.
The centaur is poisoned.
The centaur is lightly wounded.
The centaur closely misses you. The centaur misses you.
The centaur completely misses you.
You hit the centaur.
The centaur looks as sick as possible!
The centaur is almost dead.
The centaur hits you!
* * * LOW HITPOINT WARNING * * *
The centaur misses you. The centaur closely misses you.
You hit the centaur.
You kill the centaur!
Cheibriados thoroughly appreciates the change of pace.
The centaur completely misses you. The centaur hits you!
* * * LOW HITPOINT WARNING * * *
You bite the centaur!
The centaur looks as sick as possible!
The centaur is heavily wounded.
The centaur completely misses you. x2; The centaur closely misses you.
The centaur completely misses you.
It was a potion of might.
You feel very mighty all of a sudden. The centaur hits you!
You die...

.. ####.## ....%..
.>..... ....... ##
.......
.################c......
.........(((.(((s)......
#################c......
...[... #######
#############
##...........#
##...........#


You could see 2 centaurs.

Vanquished Creatures
  An unseen horror (D:10)
  An ugly thing (D:12)
  A hippogriff (D:11)
  Sigmund (D:5)
  A yak (D:10)
  Eustachio (D:4)
  A soldier ant (shapeshifter) (D:10)
  2 orc warriors
  A black bear (D:8)
  An ice beast (D:5)
  A necrophage (D:9)
  3 ogres
  2 phantoms (D:6)
  5 centaurs
  A big kobold (D:9)
  A wyvern skeleton (D:6)
  A howler monkey (D:5)
  2 crimson imps
  A bullfrog zombie (D:12)
  A centaur zombie (D:6)
  3 hounds
  3 orc wizards
  A centaur skeleton (D:6)
  An iguana (D:11)
  4 worker ants
  4 adders
  2 river rats (Sewer)
  2 shadow imps (D:5)
  A dart slug (D:2)
  6 leopard geckos
  19 orcs
  2 giant cockroaches (D:5)
  3 goblins (D:1)
  2 hobgoblins
  8 jackals
  2 quokkas
  4 ball pythons (Sewer)
  4 bats
  6 frilled lizards
  8 kobolds
  7 rats
121 creatures vanquished.

Vanquished Creatures (collateral kills)
  A bullfrog (D:6)
  A bullfrog skeleton (D:4)
  A howler monkey zombie (D:6)
  2 worms (D:3)
  3 orcs
  2 kobolds (D:9)
  A leopard gecko skeleton (D:4)
  A rat (D:3)
12 creatures vanquished.

Grand Total: 133 creatures vanquished

Notes
Turn   | Place    | Note
-------+----------+-------------------------------------------
     0 | D:1      | tidbits the Gnoll Transmuter began the quest for the Orb.
     0 | D:1      | Reached XP level 1. HP: 17/17 MP: 6/6
   119 | D:2      | Reached XP level 2. HP: 17/23 MP: 7/7
   123 | D:2      | Learned a level 2 spell: Sticks to Snakes
   292 | D:3      | Reached skill level 5 in Spellcasting
   292 | D:3      | Reached XP level 3. HP: 25/28 MP: 4/9
   298 | D:3      | Learned a level 3 spell: Spider Form
   312 | D:3      | Found a shattered altar of Ashenzari.
   314 | D:3      | Found a sacrificial altar of Ru.
   370 | D:3      | Reached skill level 1 in Invocations
   482 | D:4      | Reached skill level 1 in Short Blades
   482 | D:4      | Reached skill level 1 in Long Blades
   482 | D:4      | Reached skill level 1 in Axes
   482 | D:4      | Reached skill level 1 in Maces & Flails
   482 | D:4      | Reached skill level 1 in Polearms
   482 | D:4      | Reached skill level 1 in Staves
   482 | D:4      | Reached skill level 1 in Slings
   482 | D:4      | Reached skill level 1 in Bows
   482 | D:4      | Reached skill level 1 in Crossbows
   482 | D:4      | Reached skill level 1 in Throwing
   482 | D:4      | Reached skill level 1 in Armour
   482 | D:4      | Reached skill level 1 in Stealth
   482 | D:4      | Reached skill level 1 in Shields
   482 | D:4      | Reached skill level 1 in Evocations
   489 | D:4      | Reached XP level 4. HP: 24/34 MP: 6/11
   573 | D:4      | Reached skill level 1 in Conjurations
   573 | D:4      | Reached skill level 1 in Hexes
   573 | D:4      | Reached skill level 1 in Charms
   573 | D:4      | Reached skill level 1 in Summonings
   573 | D:4      | Reached skill level 1 in Necromancy
   573 | D:4      | Reached skill level 1 in Translocations
   573 | D:4      | Reached skill level 1 in Fire Magic
   573 | D:4      | Reached skill level 1 in Ice Magic
   573 | D:4      | Reached skill level 1 in Air Magic
   573 | D:4      | Reached skill level 1 in Earth Magic
   573 | D:4      | Reached skill level 1 in Poison Magic
   573 | D:4      | Reached XP level 5. HP: 28/40 MP: 6/12
   582 | D:4      | Noticed Eustachio
   602 | D:4      | Killed Eustachio
   602 | D:4      | Reached skill level 3 in Fighting
   602 | D:4      | Reached skill level 4 in Transmutations
   602 | D:4      | Reached XP level 6. HP: 23/47 MP: 5/13
   613 | D:5      | Entered Level 5 of the Dungeon
   641 | D:5      | Reached skill level 2 in Invocations
   648 | D:5      | Found a glowing drain.
   658 | Sewer    | Entered a sewer
  1098 | D:5      | Reached skill level 5 in Dodging
  1110 | D:5      | Reached skill level 2 in Short Blades
  1110 | D:5      | Reached skill level 2 in Long Blades
  1110 | D:5      | Reached skill level 2 in Axes
  1110 | D:5      | Reached skill level 2 in Maces & Flails
  1110 | D:5      | Reached skill level 2 in Polearms
  1110 | D:5      | Reached skill level 2 in Staves
  1110 | D:5      | Reached skill level 2 in Slings
  1110 | D:5      | Reached skill level 2 in Bows
  1110 | D:5      | Reached skill level 2 in Crossbows
  1110 | D:5      | Reached skill level 2 in Throwing
  1110 | D:5      | Reached skill level 2 in Armour
  1110 | D:5      | Reached skill level 2 in Stealth
  1110 | D:5      | Reached skill level 2 in Shields
  1110 | D:5      | Reached skill level 2 in Evocations
  1137 | D:6      | Noticed an orc warrior
  1141 | D:7      | Noticed Pikel
  1141 | D:7      | Noticed a slave
  1141 | D:7      | Noticed a slave
  1141 | D:7      | Noticed a slave
  1143 | D:7      | Noticed a slave
  1162 | D:6      | Killed an orc warrior
  1162 | D:6      | Reached XP level 7. HP: 44/52 MP: 12/15
  1191 | D:6      | Reached skill level 7 in Unarmed Combat
  1191 | D:6      | Reached skill level 2 in Conjurations
  1191 | D:6      | Reached skill level 2 in Hexes
  1191 | D:6      | Reached skill level 2 in Charms
  1191 | D:6      | Reached skill level 2 in Summonings
  1191 | D:6      | Reached skill level 2 in Necromancy
  1191 | D:6      | Reached skill level 2 in Translocations
  1191 | D:6      | Reached skill level 2 in Fire Magic
  1191 | D:6      | Reached skill level 2 in Ice Magic
  1191 | D:6      | Reached skill level 2 in Air Magic
  1191 | D:6      | Reached skill level 2 in Earth Magic
  1191 | D:6      | Reached skill level 2 in Poison Magic
  1213 | D:6      | Learned a level 3 spell: Dazzling Spray
  1268 | D:6      | Reached skill level 3 in Invocations
  1333 | D:6      | Reached XP level 8. HP: 35/60 MP: 14/16
  1362 | D:5      | Reached skill level 4 in Fighting
  1425 | D:5      | Found Hehoz's Book Boutique.
  1438 | D:5      | Noticed Sigmund
  1457 | D:5      | Killed Sigmund
  1457 | D:5      | Reached skill level 3 in Short Blades
  1457 | D:5      | Reached skill level 3 in Long Blades
  1457 | D:5      | Reached skill level 3 in Axes
  1457 | D:5      | Reached skill level 3 in Maces & Flails
  1457 | D:5      | Reached skill level 3 in Polearms
  1457 | D:5      | Reached skill level 3 in Staves
  1457 | D:5      | Reached skill level 3 in Slings
  1457 | D:5      | Reached skill level 3 in Bows
  1457 | D:5      | Reached skill level 3 in Crossbows
  1457 | D:5      | Reached skill level 3 in Throwing
  1457 | D:5      | Reached skill level 3 in Armour
  1457 | D:5      | Reached skill level 3 in Stealth
  1457 | D:5      | Reached skill level 3 in Shields
  1457 | D:5      | Reached skill level 3 in Evocations
  1466 | D:5      | Reached skill level 6 in Spellcasting
  1679 | D:5      | Found a snail-covered altar of Cheibriados.
  1687 | D:5      | Became a worshipper of Cheibriados the Contemplative
  1737 | D:6      | Gained mutation: Scrolls take you a little longer to read. [potion of mutation]
  1737 | D:6      | Gained mutation: Your flesh is cold resistant. (rC+) [potion of mutation]
  1737 | D:6      | Gained mutation: Your flesh is very cold resistant. (rC++) [potion of mutation]
  1811 | D:6      | You fall through a shaft for 3 floors!
  2005 | D:10     | Entered Level 10 of the Dungeon
  2007 | D:10     | Reached skill level 3 in Conjurations
  2007 | D:10     | Reached skill level 3 in Hexes
  2007 | D:10     | Reached skill level 3 in Charms
  2007 | D:10     | Reached skill level 3 in Summonings
  2007 | D:10     | Reached skill level 3 in Necromancy
  2007 | D:10     | Reached skill level 3 in Translocations
  2007 | D:10     | Reached skill level 3 in Fire Magic
  2007 | D:10     | Reached skill level 3 in Ice Magic
  2007 | D:10     | Reached skill level 3 in Air Magic
  2007 | D:10     | Reached skill level 3 in Earth Magic
  2007 | D:10     | Reached skill level 3 in Poison Magic
  2007 | D:10     | Reached skill level 4 in Invocations
  2021 | D:10     | Noticed a hornet
  2046 | D:10     | Reached skill level 6 in Dodging
  2046 | D:10     | Reached XP level 9. HP: 58/66 MP: 18/18
  2051 | D:10     | Found a staircase to the Orcish Mines.
  2051 | D:10     | Noticed a troll
  2124 | D:9      | Reached skill level 5 in Transmutations
  2193 | D:9      | Reached * piety under Cheibriados
  2205 | D:9      | Reached skill level 4 in Short Blades
  2205 | D:9      | Reached skill level 4 in Long Blades
  2205 | D:9      | Reached skill level 4 in Axes
  2205 | D:9      | Reached skill level 4 in Maces & Flails
  2205 | D:9      | Reached skill level 4 in Polearms
  2205 | D:9      | Reached skill level 4 in Staves
  2205 | D:9      | Reached skill level 4 in Slings
  2205 | D:9      | Reached skill level 4 in Bows
  2205 | D:9      | Reached skill level 4 in Crossbows
  2205 | D:9      | Reached skill level 4 in Throwing
  2205 | D:9      | Reached skill level 4 in Armour
  2205 | D:9      | Reached skill level 4 in Stealth
  2205 | D:9      | Reached skill level 4 in Shields
  2205 | D:9      | Reached skill level 4 in Evocations
  2267 | D:10     | Killed an unseen horror
  2267 | D:10     | Reached skill level 5 in Fighting
  2327 | D:11     | Reached skill level 8 in Unarmed Combat
  2333 | D:12     | Noticed a komodo dragon
  2455 | D:12     | Noticed a white ugly thing
  2461 | D:12     | Killed a white ugly thing
  2461 | D:12     | Reached skill level 5 in Invocations
  2461 | D:12     | Reached XP level 10. HP: 60/74 MP: 20/20
  2479 | D:12     | Reached skill level 7 in Spellcasting
  2546 | D:12     | Reached skill level 4 in Conjurations
  2546 | D:12     | Reached skill level 4 in Hexes
  2546 | D:12     | Reached skill level 4 in Charms
  2546 | D:12     | Reached skill level 4 in Summonings
  2546 | D:12     | Reached skill level 4 in Necromancy
  2546 | D:12     | Reached skill level 4 in Translocations
  2546 | D:12     | Reached skill level 4 in Fire Magic
  2546 | D:12     | Reached skill level 4 in Ice Magic
  2546 | D:12     | Reached skill level 4 in Air Magic
  2546 | D:12     | Reached skill level 4 in Earth Magic
  2546 | D:12     | Reached skill level 4 in Poison Magic
  2554 | D:12     | HP: 7/75 [centaur (7)]
  2556 | D:12     | Slain by a centaur

Skill      XL: |  1  2  3  4  5  6  7  8  9 10 |
---------------+-------------------------------+-----
Spellcasting   | 5 6 7 |  7.1
Invocations    | 1 2 3 4 5 |  5.3
Short Blades   | 1 2 3 4 |  4.9
Long Blades    | 1 2 3 4 |  4.9
Axes           | 1 2 3 4 |  4.9
Maces & Flails | 1 2 3 4 |  4.9
Polearms       | 1 2 3 4 |  4.9
Staves         | 1 2 3 4 |  4.9
Slings         | 1 2 3 4 |  4.9
Bows           | 1 2 3 4 |  4.9
Crossbows      | 1 2 3 4 |  4.9
Throwing       | 1 2 3 4 |  4.9
Armour         | 1 2 3 4 |  4.9
Stealth        | 1 2 3 4 |  4.9
Shields        | 1 2 3 4 |  4.9
Evocations     | 1 2 3 4 |  4.9
Conjurations   | 1 2 3 4 |  4.0
Hexes          | 1 2 3 4 |  4.0
Charms         | 1 2 3 4 |  4.0
Summonings     | 1 2 3 4 |  4.0
Necromancy     | 1 2 3 4 |  4.0
Translocations | 1 2 3 4 |  4.0
Fire Magic     | 1 2 3 4 |  4.0
Ice Magic      | 1 2 3 4 |  4.0
Air Magic      | 1 2 3 4 |  4.0
Earth Magic    | 1 2 3 4 |  4.0
Poison Magic   | 1 2 3 4 |  4.0
Fighting       | 3 4 5 |  5.6
Transmutations | 4 5 |  5.6
Dodging        | 5 6 |  6.8
Unarmed Combat | 7 8 |  8.2

Action                   |  1- 3 |  4- 6 |  7- 9 | 10-12 || total
-------------------------+-------+-------+-------+-------++-------
Melee: Unarmed           |    74 |    75 |   150 |    22 ||   321
       Bite              |     7 |       |     2 |       ||     9
       Headbutt          |     3 |       |       |       ||     3
       Kick              |     2 |       |       |       ||     2
       Dagger            |       |    11 |    13 |     1 ||    25
 Cast: Beastly Appendage |    10 |       |       |       ||    10
       Sticks to Snakes  |     5 |     2 |     7 |       ||    14
       Spider Form       |     2 |    15 |    20 |     2 ||    39
 Abil: End Transformatio |       |     1 |     2 |       ||     3
Evoke: Wand              |       |     1 |    11 |     1 ||    13
  Use: Potion            |       |     4 |     6 |     3 ||    13
       Scroll            |       |     1 |    10 |       ||    11
 Stab: Distracted        |       |     1 |     1 |       ||     2
       Sleeping          |       |    13 |    11 |     1 ||    25
       Confused          |       |     1 |       |       ||     1
  Eat: Chunk             |       |     2 |     5 |       ||     7
Armor: Robe              |     2 |     3 |     4 |       ||     9
       Skin              |       |     3 |     3 |     1 ||     7
Dodge: Dodged            |    53 |    81 |   149 |    64 ||   347

Table legend:
 A = Turns spent in this place as a percentage of turns spent in the entire game.
 B = Non-inter-level travel turns spent in this place as a percentage of non-inter-level travel turns spent in the entire game.
 C = Inter-level travel turns spent in this place as a percentage of turns spent in this place.
 D = Turns resting spent in this place as a percentage of non-inter-level travel turns spent in this place.
 E = Turns spent auto-exploring this place as a percentage of non-inter-level travel turns spent in this place.
 F = Non-inter-level travel turns spent in this place divided by the number of levels of this place that you've seen.
                   A       B       C       D       E      F
               +-------+-------+-------+-------+-------+----------------------
         Total | 100.0 | 100.0 |   1.7 |   0.0 |   0.0 | 193.3
       Dungeon |  90.6 |  90.4 |   1.9 |   0.0 |   0.0 | 189.3
         Sewer |   9.4 |   9.6 |   0.0 |   0.0 |   0.0 | 241.0
               +-------+-------+-------+-------+-------+----------------------

Table legend:
 A = Kills in this place as a percentage of kills in entire the game.
 B = Kills by you in this place as a percentage of kills by you in the entire game.
 C = Kills by friends in this place as a percentage of kills by friends in the entire game.
 D = Other kills in this place as a percentage of other kills in the entire game.
 E = Experience gained in this place as a percentage of experience gained in the entire game.
 F = Experience gained in this place divided by the number of levels of this place that you have seen.
                   A       B       C       D       E      F
               +-------+-------+-------+-------+-------+----------------------
         Total | 100.0 | 100.0 | 100.0 | 100.0 | 100.0 | 403.5
       Dungeon |  88.0 |  86.6 | 100.0 | 100.0 |  99.0 | 432.6
         Sewer |  12.0 |  13.4 |   0.0 |   0.0 |   1.0 |  54.0
               +-------+-------+-------+-------+-------+----------------------

Vault maps used:
D:1:      shiori_shiawase, hex_intersection, minivault_5, minivault_5
D:2:      uniq_natasha, uniq_terence
D:3:      grunt_temple_overflow_champion_of_chaos, lemuel_crystal_altar,
          minitemple, first_ration
D:4:      wad_woods_tower, nicolae_overflow_hidden_temple, uniq_eustachio,
          uniq_crazy_yiuf_cottage, uniq_robin
D:5:      grunt_temple_overflow_holy_war, lemuel_coloured_pillars_altar,
          gup_sewer_entry_pipe, serial_shops, kennysheep_mini, uniq_sigmund
D:6:      minmay_temple_entry_butterflies
D:7:      overflow_temple_1_default, led_sif_pool, lemuel_crystal_altar,
          uniq_pikel
D:8:      lair_entry_dummy
D:10:     kennysheep_orc_monster_closet_entryway, uniq_fannar
Sewer:    sewer_co_cracked_pipes
